 Dungeon Crawl Stone Soup version 0.23-a0-641-g0a7f1ce553 (webtiles) character file.

20297 HereIgoKillingAgain the Severer (level 12, -3/100 HPs)
             Began as a Hill Orc Fighter on Dec 30, 2018.
             Was a High Priest of Okawaru.
             Slain by a chaos spawn (11 damage)
             ... on level 13 of the Dungeon.
             The game lasted 00:23:02 (13320 turns).

HereIgoKillingAgain the Severer (Hill Orc Fighter) Turns: 13320, Time: 00:23:04

Health: -3/100     AC:  0    Str: 15 (16) XL:     12   Next: 78%
Magic:  20/20      EV: 13    Int: 12      God:    Okawaru [*****.]
Gold:   203        SH:  0    Dex: 10      Spells: 11/11 levels left

rFire    . . .     SeeInvis .   (weapon currently unavailable)
rCold    . . .     Gourm    +   (shield currently unavailable)
rNeg     . . .     Faith    .   (armour currently unavailable)
rPois    .         Spirit   .   (helmet currently unavailable)
rElec    .         Reflect  .   (cloak currently unavailable)
rCorr    .         Harm     .   (gloves currently unavailable)
MR       .....     Rnd*Rage +   (boots currently unavailable)
Stlth    +.........             o - amulet of the gourmand
HPRegen  0.26/turn              (ring currently unavailable)
MPRegen  0.17/turn              (ring currently unavailable)

@: pig-form, hasted, very quick
A: small, [berserk 2], deterioration 1, [weak 2]
a: Heroism, Finesse, Renounce Religion


You were on level 13 of the Dungeon.
You worshipped Okawaru.
Okawaru was extremely pleased with you.
You were very full.
You were a filthy swine.
You visited 2 branches of the dungeon, and saw 14 of its levels.
You visited the Abyss 1 time.

You collected 705 gold pieces.
You spent 502 gold pieces at shops.

Inventory:

Hand Weapons
 a - a +4 scimitar of flaming
 H - the +6 arbalest "Damnation" {damnation}
   (You found it on level 12 of the Dungeon)
 K - a +5 vampiric broad axe (melded)
Missiles
 G - 93 bolts
Armour
 c - a +2 cloak (melded)
 i - a +0 pair of gloves (melded)
 z - a +0 helmet (melded)
 I - a +2 plate armour of cold resistance (melded)
Jewellery
 o - an amulet of the gourmand (around neck)
 A - a +4 ring of strength
 P - a +3 ring of intelligence
 Q - the ring of Niunay Tutwa (melded) {+Inv AC+3 Str-4 Dex+2 Slay+5}
   (You found it on level 11 of the Dungeon)

   [ring of protection]

   It affects your AC (+3).
   It affects your strength (-4).
   It affects your dexterity (+2).
   It affects your accuracy and damage with ranged weapons and melee attacks
   (+5).
   It lets you turn invisible.
 R - a ring of protection from cold (melded)
Wands
 e - a wand of disintegration (8)
 s - a wand of flame (20)
 F - a wand of scattershot (2)
 M - a wand of enslavement (9)
 N - a wand of polymorph (8)
Scrolls
 b - 2 scrolls of fear
 j - 4 scrolls of remove curse
 n - 2 scrolls of enchant armour
 r - 2 scrolls of magic mapping {unknown}
 u - 3 scrolls of teleportation
 y - 2 scrolls of random uselessness {unknown}
 C - 3 scrolls of amnesia
 D - a scroll of immolation
 T - a scroll of fog
Potions
 d - 2 potions of might
 g - 3 potions of lignification
 h - 2 potions of magic
 k - 2 potions of berserk rage
 m - a potion of ambrosia
 p - 2 potions of brilliance
 q - 5 potions of curing
 v - a potion of resistance
 w - 2 potions of invisibility
 x - a potion of cancellation
 B - 3 potions of agility
 O - 3 potions of flight
Comestibles
 f - 23 rations


   Skills:
 - Level 7.3 Fighting
 - Level 19.0 Axes
 + Level 6.6 Crossbows
 - Level 6.7 Armour
   Level 3.2 Shields
 - Level 11.1 Invocations


You had 11 spell levels left.
You didn't know any spells.
Your spell library contained the following spells:

 Spells                   Type           Power        Failure   Level  Hunger
 Animate Skeleton         Necr           N/A          32%         1    ##.....
 Apportation              Tloc           #.....       32%         1    ##.....
 Confusing Touch          Hex            #.....       32%         1    ##.....
 Corona                   Hex            #......      32%         1    ##.....
 Flame Tongue             Conj/Fire      #....        32%         1    ##.....
 Pain                     Necr           #...         32%         1    ##.....
 Summon Small Mammal      Summ           #...         32%         1    ##.....
 Call Imp                 Summ           #.......     45%         2    ###....
 Ensorcelled Hibernation  Hex/Ice        #.....       45%         2    ###....
 Passwall                 Tmut/Erth      #.......     45%         2    ###....
 Swiftness                Chrm/Air       #.......     45%         2    ###....
 Throw Flame              Conj/Fire      #.....       45%         2    ###....
 Call Canine Familiar     Summ           #.......     69%         3    ####...
 Confuse                  Hex            #.......     69%         3    ####...
 Conjure Flame            Conj/Fire      #.......     69%         3    ####...
 Dazzling Spray           Conj/Hex       #.....       69%         3    ####...
 Inner Flame              Hex/Fire       #.......     69%         3    ####...
 Regeneration             Chrm/Necr      #.........   69%         3    ####...
 Summon Guardian Golem    Hex/Summ       #.......     69%         3    ####...
 Tukima's Dance           Hex            #.......     69%         3    ####...
 Vampiric Draining        Necr           #.........   69%         3    ####...
 Animate Dead             Necr           N/A          97%         4    #####..
 Passage of Golubria      Tloc           N/A          97%         4    #####..
 Sticky Flame             Conj/Fire      #.......     97%         4    #####..
 Summon Ice Beast         Ice/Summ       #.......     97%         4    #####..
 Summon Lightning Spire   Summ/Air       #.......     97%         4    #####..
 Fireball                 Conj/Fire      #.........   100%        5    ######.
 Lee's Rapid Deconstruct  Erth           #.........   100%        5    ######.
 Darkness                 Hex            #.........   100%        6    #######
 Invisibility             Hex            #.......     100%        6    #######


Dungeon Overview and Level Annotations

Branches:
Dungeon (13/15)            Temple (1/1) D:6            Lair (0/6) D:9
    Orc (0/2) D:9          Vaults (0/5) D:13

Altars:
Cheibriados
Elyvilon
Fedhas
Gozag
Kikubaaqudgha
Makhleb
Nemelex Xobeh
Okawaru
Ru
Sif Muna
Uskayaw
Vehumet
Wu Jian
Yredelemnul

Shops:
D:9 *   D:11 *

Annotations:
D:4 3 runed doors, rinny's ghost, amateur TeMo
D:10 1 runed door


Innate Abilities, Weirdness & Mutations

Your body sometimes deteriorates upon taking damage.
[You often lose your temper in combat.]
[You are very weak. (Str -4)]


Message History

You are engulfed in flames.
* * * LOW HITPOINT WARNING * * *
The chaos spawn completely misses you. The chaos spawn closely misses you.
The chaos spawn misses you. The chaos spawn hits you.
* * * LOW HITPOINT WARNING * * *
You feel yourself speed up.
There is a gateway leading out of the Abyss here.
You pass through the gate.
Welcome back to the Dungeon!
Reactivating autopickup.
The two-headed ogre shouts in stereo!
As you read the scroll of fear, it crumbles to dust.
You assume a fearsome visage.
The wizard looks frightened!
The two-headed ogre resists with some effort.
The chaos spawn is unaffected. x3; The chaos spawn misses you.
The chaos spawn gores you.
* * * LOW HITPOINT WARNING * * *
The chaos spawn hits you!
You die...

######### #.......#
########### #...∩4..#
..........# #...h4p.#
..........######4#####
...÷.................#
......†...#......O....#
#####†....##..........O)
##.############'#...
##)#### .# .. #.....# #
. #.....### ......


You could see a two-headed ogre, a wizard (fleeing) and 3 chaos spawn.

Vanquished Creatures
  An ogre mage (D:12)
  A hydra (D:12)
  A centaur warrior (D:13)
  4 two-headed ogres
  A wretched star (Abyss:2)
  Nergalle (D:10)
  2 unseen horrors
  Pikel (D:8)
  2 ugly things
  3 cyclopes
  A centaur zombie (D:10)
  An efreet (D:12)
  An ancient zyme (Abyss:2)
  A troll (D:13)
  A hornet (D:12)
  Prince Ribbit (D:9)
  5 hippogriffs
  A wraith (D:12)
  A large abomination (Abyss:2)
  11 yaks
  A basilisk (D:12)
  A hungry ghost (D:9)
  A steam dragon (D:12)
  2 chaos spawn (Abyss:2)
  2 acid dragons
  Duvessa (D:6)
  A soldier ant (D:10)
  A spiny frog zombie (Abyss:2)
  A swamp drake (D:9)
  4 ice beasts
  4 orc warriors
  3 sky beasts
  6 ogres
  3 phantoms
  2 starcursed masses (Abyss:2)
  2 eyes of draining
  11 centaurs
  5 big kobolds
  Blork the orc (D:6)
  2 bullfrogs
  Dowan (D:6)
  4 scorpions
  A killer bee (D:11)
  4 wights (D:8)
  A howler monkey (D:10)
  3 bullfrog zombies
  7 crimson imps
  3 jellies
  2 centaur skeletons
  10 hounds
  2 orc priests
  3 orc wizards
  2 bullfrog skeletons
  4 iguanas
  15 worker ants
  A killer bee zombie (D:9)
  A hound zombie (D:6)
  2 worker ant zombies
  4 gnolls (D:2)
  12 adders
  3 shadow imps
  3 oozes
  An adder zombie (D:7)
  3 worms
  4 leopard geckos
  45 orcs
  2 ball pythons
  11 giant cockroaches
  6 goblins
  3 hobgoblins
  4 jackals
  3 quokkas
  A ball python skeleton (D:5)
  5 bats
  8 frilled lizards
  14 kobolds
  3 leopard gecko skeletons
  2 quokka zombies
  8 rats
  A butterfly (D:10)
307 creatures vanquished.

Vanquished Creatures (others)
  An orc wizard (D:9)
  A worker ant (D:8)
  An orc (D:9)
  2 starspawn tentacles (Abyss:2)
5 creatures vanquished.

Grand Total: 312 creatures vanquished

Notes
Turn   | Place    | Note
-------+----------+-------------------------------------------
     0 | D:1      | HereIgoKillingAgain the Hill Orc Fighter began the quest
                  | for the Orb.
     0 | D:1      | Reached XP level 1. HP: 19/19 MP: 1/1
    48 | D:1      | Reached skill level 3 in Axes
   189 | D:1      | Reached XP level 2. HP: 23/26 MP: 2/2
   404 | D:1      | Reached skill level 4 in Axes
   676 | D:2      | Reached skill level 5 in Axes
   676 | D:2      | Reached XP level 3. HP: 27/31 MP: 3/3
   723 | D:2      | Reached XP level 4. HP: 35/39 MP: 2/4
   753 | D:2      | Reached skill level 6 in Axes
   812 | D:2      | Reached XP level 5. HP: 15/45 MP: 2/5
  1264 | D:2      | Reached skill level 7 in Axes
  1516 | D:3      | Noticed a big kobold
  1528 | D:3      | Killed a big kobold
  1528 | D:3      | Reached skill level 8 in Axes
  1528 | D:3      | Reached XP level 6. HP: 40/51 MP: 4/6
  2370 | D:4      | Reached skill level 9 in Axes
  2485 | D:4      | Found a runed gate.
  2485 | D:4      | Found a runed gate.
  2485 | D:4      | Found a runed gate.
  2758 | D:4      | Noticed rinny's ghost (amateur TeMo)
  2869 | D:5      | Entered Level 5 of the Dungeon
  2869 | D:5      | Noticed an ice beast
  2883 | D:5      | Killed an ice beast
  2883 | D:5      | Reached XP level 7. HP: 54/57 MP: 7/7
  2949 | D:5      | Reached skill level 10 in Axes
  3156 | D:5      | Reached skill level 11 in Axes
  3302 | D:5      | Reached XP level 8. HP: 64/64 MP: 8/8
  3505 | D:6      | Found a sparkling altar of Nemelex Xobeh.
  3531 | D:6      | Reached skill level 12 in Axes
  3578 | D:6      | Noticed Dowan
  3578 | D:6      | Noticed Duvessa
  3640 | D:6      | Reached skill level 13 in Axes
  3650 | D:6      | Killed Duvessa
  3653 | D:6      | Killed Dowan
  3993 | D:6      | Noticed Blork the orc
  4012 | D:6      | Found a staircase to the Ecumenical Temple.
  4245 | Temple   | Entered the Ecumenical Temple
  4272 | Temple   | Became a worshipper of Warmaster Okawaru
  4436 | D:6      | Reached skill level 14 in Axes
  4436 | D:6      | Reached skill level 1 in Invocations
  4436 | D:6      | Reached XP level 9. HP: 56/70 MP: 8/10
  4489 | D:6      | Killed Blork the orc
  4865 | D:7      | Killed an unseen horror
  4865 | D:7      | Reached * piety under Okawaru
  5669 | D:8      | Reached skill level 15 in Axes
  6025 | D:8      | Reached skill level 5 in Invocations
  6054 | D:8      | Noticed Pikel
  6087 | D:8      | Killed Pikel
  6087 | D:8      | Reached ** piety under Okawaru
  6091 | D:8      | Reached XP level 10. HP: 28/77 MP: 11/14
  6345 | D:8      | Found a snail-covered altar of Cheibriados.
  6586 | D:8      | Reached skill level 16 in Axes
  6662 | D:9      | Found Buakiav's Assorted Antiques.
  6676 | D:9      | Bought a scroll labeled PIRRAUTODD for 30 gold pieces
  6676 | D:9      | Bought a lead wand for 120 gold pieces
  6676 | D:9      | Bought an ancient mace for 240 gold pieces
  6677 | D:9      | Identified the +5 mace of Nubappun {crush, *Slow MR+ Str-4
                  | Int+6} (You bought it in a shop on level 9 of the Dungeon)
  6781 | D:9      | Noticed a two-headed ogre
  6792 | D:9      | Killed a two-headed ogre
  6822 | D:9      | Found a staircase to the Lair.
  6839 | D:9      | Reached *** piety under Okawaru
  6989 | D:9      | Reached skill level 17 in Axes
  7014 | D:9      | Noticed Prince Ribbit
  7250 | D:9      | Killed Prince Ribbit
  7343 | D:9      | Found a staircase to the Orcish Mines.
  7899 | D:10     | Entered Level 10 of the Dungeon
  8062 | D:10     | Noticed a two-headed ogre
  8072 | D:10     | Killed a two-headed ogre
  8072 | D:10     | Reached **** piety under Okawaru
  8072 | D:10     | Reached XP level 11. HP: 33/82 MP: 14/17
  8378 | D:10     | Reached skill level 18 in Axes
  8634 | D:10     | Found a runed door.
  8917 | D:10     | Found a runed door.
  8993 | D:10     | Noticed Nergalle
  9023 | D:10     | Killed Nergalle
  9346 | D:10     | Reached skill level 10 in Invocations
  9868 | D:11     | Noticed a cyclops
 10318 | D:11     | Killed an unseen horror
 10594 | D:11     | Got a bound gossamer ring
 10662 | D:11     | Identified the ring of Niunay Tutwa {+Inv AC+3 Str-4 Dex+2
                  | Slay+5} (You found it on level 11 of the Dungeon)
 10714 | D:11     | Found Cudopp's General Store.
 10732 | D:11     | Bought a scroll of enchant weapon for 112 gold pieces
 10781 | D:11     | Reached ***** piety under Okawaru
 10781 | D:11     | Reached skill level 5 in Fighting
 11126 | D:11     | Killed a cyclops
 11145 | D:11     | Identified a scroll of acquirement
 11330 | D:12     | Reached skill level 5 in Armour
 11607 | D:12     | Noticed a purple ugly thing
 11612 | D:12     | Noticed a cyclops
 11619 | D:12     | Killed a purple ugly thing
 11624 | D:12     | Killed a cyclops
 11624 | D:12     | Reached XP level 12. HP: 97/97 MP: 18/20
 11635 | D:12     | Found the +6 arbalest "Damnation" {damnation}
 11851 | D:12     | Noticed an ogre mage
 11855 | D:12     | Noticed an eight-headed hydra
 11860 | D:12     | Killed an ogre mage
 11867 | D:12     | Killed a three-headed hydra
 11867 | D:12     | Received a gift from Okawaru
 11867 | D:12     | Reached skill level 19 in Axes
 12495 | D:13     | Noticed a two-headed ogre
 12504 | D:13     | Killed a two-headed ogre
 12537 | D:13     | Noticed a centaur warrior
 12538 | D:13     | Killed a centaur warrior
 12557 | D:13     | Noticed a two-headed ogre
 12561 | D:13     | Killed a two-headed ogre
 12570 | D:13     | Reached skill level 5 in Crossbows
 12620 | D:13     | Found a gate to the Vaults.
 12623 | D:13     | Noticed a two-headed ogre
 12626 | D:13     | Cast into level 2 of the Abyss (a wizard)
 12768 | Abyss:2  | Noticed a starcursed mass
 12823 | Abyss:2  | Gained mutation: Your body sometimes deteriorates upon
                  | taking damage. [mutagenic glow]
 13066 | Abyss:2  | Noticed a wretched star
 13074 | Abyss:2  | Killed a wretched star
 13222 | Abyss:2  | Noticed a lich
 13225 | Abyss:2  | Found a corrupted altar of Lugonu.
 13290 | Abyss:2  | Noticed a tentacled starspawn
 13319 | D:13     | Escaped the Abyss
 13320 | D:13     | Slain by a chaos spawn

Vault maps used:
D:1:      nicolae_arrival_washed_ashore
D:2:      first_ration
D:4:      gammafunk_ghost_icy
D:5:      wad_pebble_path, minmay_fractal_squares_diagonal_5
D:6:      overflow_temple_1_default, minmay_temple_entry_antechambers,
          kennysheep_pointless_box, uniq_duvessa, uniq_blork_the_orc
D:8:      basic_altar, blue_anna_alchemist, kennysheep_cross_bottleneck,
          uniq_pikel
D:9:      lair_entry_dummy, erik_orc_1, serial_shops, shop, uniq_prince_ribbit1
D:10:     lemuel_insect_pit, uniq_nergalle
D:11:     serial_shops, nicolae_shop_stone, kennysheep_generic_room_5
D:12:     minmay_diamond_spiral
D:13:     david_vaults_1
Temple:   compressed_dpeg_triangle_lava_temple

Skill      XL: |  1  2  3  4  5  6  7  8  9 10 11 12 |
---------------+-------------------------------------+-----
Axes           | 3 5 6 8 9 11 14 15 17 18 19 | 19.0
Invocations    | 1 6 9 10 11 | 11.1
Fighting       | 6 7 |  7.3
Armour         | 5 6 |  6.7
Crossbows      | 6 |  6.6
Shields        | |  3.2

Action                   |  1- 3 |  4- 6 |  7- 9 | 10-12 || total
-------------------------+-------+-------+-------+-------++-------
Melee: War axe           |    59 |    19 |     8 |       ||    86
       Whip              |       |   205 |   337 |   616 ||  1158
       Broad axe         |       |       |       |   167 ||   167
       Scimitar          |       |       |       |     6 ||     6
       Unarmed           |       |       |       |     1 ||     1
 Fire: Arbalest          |       |       |       |    11 ||    11
Invok: Heroism           |       |       |     1 |     9 ||    10
Evoke: Wand              |       |       |       |     2 ||     2
  Use: Potion            |       |     1 |     3 |     4 ||     8
       Scroll            |       |     4 |     4 |    21 ||    29
  Eat: Chunk             |       |     5 |     9 |    35 ||    49
       Ration            |       |       |     1 |     5 ||     6
Armor: Scale mail        |    22 |   132 |    82 |       ||   236
       Plate armour      |       |       |    63 |   424 ||   487
Dodge: Dodged            |    16 |    92 |   108 |   179 ||   395
Block: Shield            |    28 |    48 |       |       ||    76
       Buckler           |       |       |    10 |   160 ||   170

Table legend:
 A = Non-vault XP
 B = Vault XP
 C = Vault XP percentage of total XP
 D = Non-vault monster count
 E = Vault monster count
 F = Vault count percentage of total count
                 A         B        C        D         E       F
            +---------+---------+-------+---------+---------+-------
      Total |   21530 |    7466 |  25.7 |     265 |      43 |  14.0
            +---------+---------+-------+---------+---------+-------
        D:1 |      19 |       0 |   0.0 |      12 |       0 |   0.0
        D:2 |     187 |       0 |   0.0 |      31 |       0 |   0.0
        D:3 |     240 |       0 |   0.0 |      24 |       0 |   0.0
        D:4 |      54 |       0 |   0.0 |       6 |       0 |   0.0
        D:5 |     658 |      52 |   7.3 |      12 |       3 |  20.0
        D:6 |    1001 |     324 |  24.5 |      25 |       3 |  10.7
        D:7 |     953 |       0 |   0.0 |       6 |       0 |   0.0
        D:8 |     679 |     767 |  53.0 |      13 |       2 |  13.3
        D:9 |    2997 |     793 |  20.9 |      28 |      17 |  37.8
       D:10 |    2143 |    1060 |  33.1 |      31 |      11 |  26.2
       D:11 |    3805 |     243 |   6.0 |      29 |       1 |   3.3
       D:12 |    2546 |    3101 |  54.9 |      21 |       4 |  16.0
       D:13 |    4402 |     943 |  17.6 |      20 |       1 |   4.8
    Abyss:2 |    1846 |     183 |   9.0 |       7 |       1 |  12.5
            +---------+---------+-------+---------+---------+-------
